 Dungeon Crawl Stone Soup version 0.29-a0-821-g66395355a5 (webtiles) character file.

Game seed: 9763210430205147125

2459 spaghetti the Fighter (level 9, -5/66 HPs)
             Began as a Demonspawn Berserker on July 7, 2022.
             Was a Priest of Trog.
             Slain by a boulder beetle (45 damage)
             ... on level 8 of the Dungeon.
             The game lasted 00:09:39 (6877 turns).

spaghetti the Fighter (Demonspawn Berserker)        Turns: 6877, Time: 00:09:39

Health: -5/66      AC: 16    Str: 20    XL:     9   Next: 26%
Magic:  9/9        EV: 17    Int: 11    God:    Trog [***...]
Gold:   294        SH:  9    Dex: 24    Spells: 8/8 levels left

rFire   . . .      SeeInvis .   B - +7 spear of Giacacha {protect, rElec Str+3 Dex+7 Stlth+, polearm}
rCold   . . .      Faith    .   t - +0 buckler
rNeg    . . .      Spirit   .   a - +0 animal skin
rPois   +          Reflect  .   (no helmet)
rElec   +          Harm     .   (no cloak)
rCorr   .          Rampage  .   w - +0 pair of gloves {Stlth+}
Will    ++...                   q - +0 pair of boots
Stlth   ++++++....              (no amulet)
HPRegen 2.01/turn               i - ring of poison resistance
MPRegen 0.11/turn               r - +4 ring of protection

@: strong-willed, on berserk cooldown, regenerating
A: icemail 2, big brain 1, condensation shield, weakness stinger 1, frail 1,
regeneration 1
a: Renounce Religion, Berserk, Trog's Hand


You were on level 8 of the Dungeon.
You worshipped Trog.
Trog was most pleased with you.
You visited 1 branch of the dungeon, and saw 8 of its levels.

You collected 409 gold pieces.
You spent 115 gold pieces at shops.


Innate Abilities, Weirdness & Mutations

A meltable icy envelope protects you from harm. (AC +8)
You have an unusually large brain. (Int +2)
A meltable shield of frost defends you. (SH +4)
You have a small tail.
You are frail. (-10% HP)
Your natural rate of healing is unusually fast.


   Skills:
 + Level 8.1 Fighting
 + Level 2.4 Armour
 * Level 7.0 Dodging
 + Level 5.9 Stealth
 - Level 3.2 Unarmed Combat


You had 8 spell levels left.
You didn't know any spells.
Your spell library contained the following spells:

 Spells                   Type           Power      Damage    Failure   Level
 Apportation              Tloc           0%         N/A       43%         1
 Foxfire                  Conj/Fire      0%         2x1d4     43%         1
 Necrotise                Necr           0%         1d4       43%         1
 Summon Small Mammal      Summ           0%         N/A       43%         1
 Conjure Flame            Conj/Fire      0%         6-21      82%         3
 Inner Flame              Hex/Fire       0%         N/A       82%         3
 Ozocubu's Armour         Ice            0%         N/A       82%         3
 Flame Wave               Conj/Fire      0%         2d4       99%         4
 Metabolic Englaciation   Hex/Ice        0%         N/A       100%        5
 Dispersal                Tloc           0%         N/A       100%        6
 Simulacrum               Ice/Necr       0%         N/A       100%        6
 Disjunction              Tloc           0%         N/A       100%        8

Inventory:

Hand Weapons
 b - a +0 broad axe {axe}
   (You found it on level 1 of the Dungeon)
 d - a +0 sling
   (You found it on level 1 of the Dungeon)
 h - a +1 dagger of venom {short}
   (You took it off a kobold on level 1 of the Dungeon)
 n - a +2 short sword of venom {short}
   (You took it off a kobold on level 3 of the Dungeon)
 B - the +7 spear of Giacacha (weapon) {protect, rElec Str+3 Dex+7 Stlth+, polearm}
   (You found it on level 6 of the Dungeon)

   It grants its wielder temporary protection when it strikes (+7 to AC).
   Str:       It affects your strength (+3).
   Dex:       It affects your dexterity (+7).
   rElec:     It insulates you from electricity.
   Stlth:     It makes you more stealthy.
Missiles
 e - 18 poisoned darts (quivered) {throwing}
 g - 37 stones {throwing}
 E - a throwing net {=f!fthrowing}
 F - 5 boomerangs of dispersal {=f!fthrowing}
Armour
 a - a +0 animal skin (worn)
 q - a +0 pair of boots (worn)
   (You found it on level 3 of the Dungeon)
 t - a +0 buckler (worn)
   (You found it on level 4 of the Dungeon)
 w - a +0 pair of gloves of stealth (worn)
   (You bought it in a shop on level 4 of the Dungeon)
Magical Staves
 p - a staff of air {forbidden!astaff}
   (You found it on level 3 of the Dungeon)
Jewellery
 i - a ring of poison resistance (left hand)
   (You found it on level 1 of the Dungeon)
 l - a ring of flight
   (You found it on level 2 of the Dungeon)
 r - a +4 ring of protection (right hand)
   (You found it on level 4 of the Dungeon)
 A - a ring of wizardry
   (You found it on level 5 of the Dungeon)
Wands
 y - a wand of flame (16)
   (You took it off Ijyb on level 5 of the Dungeon)
Scrolls
 k - a scroll of immolation {!r!r}
 o - 2 scrolls of amnesia
 u - a scroll of enchant weapon
 v - 4 scrolls of fear
 C - a scroll of teleportation {@r4}
 D - a scroll of identify {@r1}
 I - a scroll of poison
Potions
 c - a potion of invisibility
 f - 6 potions of curing {@q1}
 j - 3 potions of heal wounds {@q2}
 m - 3 potions of flight
 s - 2 potions of brilliance {unknown}
 x - a potion of might {unknown}
 z - 2 potions of lignification {unknown}
 G - a potion of cancellation {unknown}
 H - 2 potions of ambrosia {unknown}

Dungeon Overview and Level Annotations

Branches:
Dungeon (8/15) Zot: 26594  Temple (0/1) D:5
   Lair: D:8-11

Altars:
Dithmenos
Fedhas
Gozag
Makhleb
Nemelex Xobeh
Okawaru
Ru
Sif Muna
Vehumet
Wu Jian
Xom

Shops:
D:4 [

Annotations:
D:4 2 transporters, exclusion: 2 goblins, abessonov's ghost, amateur MiFi

...# ..#..#.#........
...# #.#..#.#........
#### #.#..#.#.......
# #.#..#.##....# #
#.#..#.##....#
########.#.##.##....#
#..†.........)##....#
#.######...))○......#
#.............○B@...#
#.........^.....h####
#................#
#.###########......
#.# #...#### #.#
#...# #.# #...# #'##
#... ...#######


You could see a boulder beetle (rolling) and a howler monkey.


Message History

😕 HP[+31]
You now have 99 max hp (+33).
You regained 31 hp, and now have 90/99 hp.
You hit the boulder beetle. The kobold misses you.
You hit the boulder beetle.
The boulder beetle completely misses you.
The kobold misses you. 😕 HP[+1]
You hit the boulder beetle.
The boulder beetle barely misses you. 😕 HP[+1]
You hit the boulder beetle. The kobold closely misses you.
You block the boulder beetle's attack. 😕 HP[+1]
You hit the boulder beetle.
The kobold hits you from afar with a +0 spear.
You hit the boulder beetle.
You tail-slap the boulder beetle, but do no damage.
You block the boulder beetle's attack. You block the kobold's attack. 😕 HP[+1]
You hit the boulder beetle but do no damage.
You tail-slap the boulder beetle, but do no damage.
The boulder beetle bites you! The kobold misses you. 😕 HP[-12]
You take 12 damage, and now have 82/99 hp.
You hit the boulder beetle. You block the boulder beetle's attack.
You hit the boulder beetle. You block the kobold's attack.
The boulder beetle closely misses you. 😕 HP[+1]
You puncture the boulder beetle! The kobold barely misses you. 😕 HP[+1]
You puncture the boulder beetle! You tail-slap the boulder beetle!
The boulder beetle leaps!
You block the kobold's attack. 😕 HP[+1]
The boulder beetle leaps!
You impale the kobold!!
You kill the kobold!
Trog accepts your kill.
You are no longer berserk.
You are exhausted.
You feel yourself slow down. 😕 HP[-27]
You now have 66 max hp (-33).
Things that are here:
a +0 spear {polearm}; a kobold corpse; 😕 HP[+1] 😕 HP[+2]
You regained 2 hp, and now have 61/66 hp.
You start resting.
A boulder beetle is nearby! 😕 HP[+3]
You regained 3 hp, and now have 64/66 hp.
A boulder beetle is nearby!
A boulder beetle is nearby!
You barely miss the boulder beetle.
You tail-slap the boulder beetle, but do no damage.
The boulder beetle barely misses you. 😕 HP[+1]
You hit the boulder beetle but do no damage.
Your weapon exudes an aura of protection.
You block the boulder beetle's attack.
The boulder beetle closely misses you. 😎 HP[+1]
Your hp is fully restored (66).
You hit the boulder beetle. The boulder beetle closely misses you.
You block the boulder beetle's attack.
You hit the boulder beetle but do no damage.
The boulder beetle leaps!
The boulder beetle curls into a ball and begins rolling!
The boulder beetle hits you!!!
Ouch! That really hurt!
* * * LOW HITPOINT WARNING * * *
The boulder beetle stops rolling and uncurls. 😨 HP[-42]
You take 42 damage, and now have 24/66 hp.
MASSIVE DAMAGE!! (PAUSE) Unknown command.
Your skin crawls.
You feel strong-willed. You block the boulder beetle's attack.
The boulder beetle misses you. 😨 HP[+3]
You regained 3 hp, and now have 27/66 hp.
Unknown command.
Unknown command.
Unknown command.
You puncture the boulder beetle!
Your weapon exudes an aura of protection.
A howler monkey comes into view.
The boulder beetle leaps! 😨 HP[+4]
You regained 4 hp, and now have 31/66 hp. 😮 HP[+3]
You regained 3 hp, and now have 34/66 hp.
Unknown command.
The boulder beetle curls into a ball and begins rolling! 😮 HP[+3]
You regained 3 hp, and now have 37/66 hp.
You closely miss the howler monkey.
You feel yourself speed up.
The howler monkey completely misses you.
The boulder beetle hits you!!!
Ouch! That really hurt!
You die...

Skill      XL: |  1  2  3  4  5  6  7  8  9 |
---------------+----------------------------+-----
Unarmed Combat | 3 |  3.2
Fighting       | 4 5 6 7 8 |  8.1
Dodging        | 2 3 4 5 6 7 |  7.0
Stealth        | 2 3 5 |  5.9
Armour         | 2 |  2.4

Action                   |  1- 3 |  4- 6 |  7- 9 || total
-------------------------+-------+-------+-------++-------
Melee: Unarmed           |    81 |       |       ||    81
       Dagger            |    35 |     4 |       ||    39
       Punch             |     1 |     3 |       ||     4
       Short sword       |       |   142 |    40 ||   182
       Tailslap          |       |       |    40 ||    40
       Spear             |       |       |   219 ||   219
Invok: Berserk           |     2 |     4 |     5 ||    11
       Trog's Hand       |       |       |     2 ||     2
  Use: Scroll            |       |     8 |     4 ||    12
       Potion            |       |     2 |       ||     2
 Stab: Sleeping          |       |     5 |    13 ||    18
Armor: Animal skin       |    25 |    49 |   100 ||   174
Dodge: Dodged            |    66 |    99 |   186 ||   351
Block: Other             |     8 |    24 |       ||    32
       Buckler           |       |    30 |    78 ||   108

Levels and vault maps discovered:
D:1:      lightli_arrival_chessboard, layout_loops_corners,
          hellmonk_ecumenical_altar_watching_god
D:2:      layout_loops_ring, uniq_jessica
D:3:      layout_basic, grunt_temple_overflow_order_and_chaos_2,
          nicolae_dithmenos_the_darkroom, gammafunk_ghost_grave
D:4:      minmay_angry_zag, layout_basic, mainiacjoe_overflow_paths,
          kennysheep_okawaru_gauntlet, gammafunk_ghost_mausoleum, serial_bayou,
          serial_bayou_pond_a, serial_bayou_pond_d, serial_bayou_crossing,
          serial_bayou_shore_a, serial_bayou_pond_a, serial_shops, shop,
          dreamdust_mushroom_princess
D:5:      layout_basic, grunt_temple_overflow_opulence,
          minmay_temple_entry_glass, amcnicky_mini_corridor_feature,
          interstate_on_off, uniq_menkaure, uniq_grinder, uniq_ijyb
D:6:      layout_rooms, lemuel_round_altar, mainiacjoe_overflow_tiny_flanked
D:7:      layout_layer_cave, vehumet_crystals, amcnicky_altar_gilded,
          mainiacjoe_overflow_catwalk_spiral
D:8:      layout_basic, uniq_maurice, uniq_pikel

Notes
Turn   | Place    | Note
-------+----------+-------------------------------------------
     0 | D:1      | spaghetti the Demonspawn Berserker began the quest for the
                  | Orb.
     0 | D:1      | Reached XP level 1. HP: 18/18 MP: 1/1
     0 | D:1      | magus.rc [v1.9.6]
    24 | D:1      | Found a faded altar of an unknown god.
    25 | D:1      | Noticed a great orb of eyes
   247 | D:1      | Noticed a golden eye
   247 | D:1      | Noticed a great orb of eyes
   247 | D:1      | Noticed an eye of devastation
   431 | D:1      | Reached skill level 3 in Unarmed Combat
   431 | D:1      | Gained mutation: A meltable shield of frost defends you.
                  | (SH +4) [demonic ancestry]
   431 | D:1      | Reached XP level 2. HP: 24/24 MP: 2/2
  1120 | D:1      | Gained mutation: A meltable icy envelope protects you from
                  | harm. (AC +8) [demonic ancestry]
  1120 | D:1      | Reached XP level 3. HP: 20/29 MP: 3/3
  1523 | D:2      | Noticed Jessica
  1533 | D:2      | Killed Jessica
  1534 | D:2      | Reached skill level 4 in Fighting
  1534 | D:2      | Reached skill level 2 in Dodging
  1538 | D:2      | You pick up a book of Flames {forbidden} and begin
                  | reading...
  1538 | D:2      | You add the spells Foxfire, Conjure Flame, Inner Flame and
                  | Flame Wave to your library.
  1623 | D:2      | Reached ** piety under Trog
  1899 | D:2      | Reached XP level 4. HP: 35/37 MP: 4/4
  2490 | D:3      | Reached skill level 3 in Dodging
  2531 | D:3      | Noticed a cacodemon
  2532 | D:3      | Found a burning altar of Makhleb.
  2541 | D:3      | Noticed an angel
  2601 | D:3      | Found a shadowy altar of Dithmenos.
  2649 | D:3      | Found a runed translucent door.
  2649 | D:3      | Noticed ihfijgdoutdouutd's ghost (amateur DgHu)
  2809 | D:3      | Gained mutation: You occasionally shout uncontrollably at
                  | your foes. [potion of mutation]
  2809 | D:3      | Gained mutation: You have a pair of small antennae on your
                  | head. [potion of mutation]
  2809 | D:3      | Gained mutation: Your skin changes colour to match your
                  | surroundings (Stealth+). [potion of mutation]
  2893 | D:3      | Killed ihfijgdoutdouutd's ghost
  2894 | D:3      | Reached skill level 5 in Fighting
  2894 | D:3      | Reached XP level 5. HP: 44/44 MP: 5/5
  3209 | D:4      | Found a transporter.
  3211 | D:4      | Noticed abessonov's ghost (amateur MiFi)
  3366 | D:4      | Found a shimmering altar of Xom.
  3472 | D:4      | Found Oton's Armour Shoppe.
  3481 | D:4      | Bought a +0 pair of gloves of stealth for 115 gold pieces
  3505 | D:4      | Reached XP level 6. HP: 31/51 MP: 6/6
  3727 | D:4      | Found a transporter.
  3728 | D:4      | Found an iron altar of Okawaru.
  4155 | D:4      | Lost mutation: You have a pair of small antennae on your
                  | head. [potion of mutation]
  4155 | D:4      | Lost mutation: Your skin changes colour to match your
                  | surroundings (Stealth+). [potion of mutation]
  4155 | D:4      | Lost mutation: You occasionally shout uncontrollably at
                  | your foes. [potion of mutation]
  4155 | D:4      | Gained mutation: Your natural rate of healing is unusually
                  | fast. [potion of mutation]
  4155 | D:4      | Gained mutation: You are frail. (-10% HP) [potion of
                  | mutation]
  4176 | D:5      | Entered Level 5 of the Dungeon
  4187 | D:5      | Reached skill level 4 in Dodging
  4187 | D:5      | Reached skill level 1 in Stealth
  4234 | D:5      | You pick up a book of Winter {forbidden} and begin
                  | reading...
  4234 | D:5      | You add the spells Ozocubu's Armour, Metabolic Englaciation
                  | and Simulacrum to your library.
  4326 | D:5      | Reached skill level 2 in Stealth
  4356 | D:5      | Noticed an ice beast
  4365 | D:5      | Killed an ice beast
  4366 | D:5      | Gained mutation: You have a small tail. [demonic ancestry]
  4366 | D:5      | Reached XP level 7. HP: 44/51 MP: 7/7
  4381 | D:5      | Noticed Ijyb
  4394 | D:5      | Killed Ijyb
  4437 | D:5      | Found a staircase to the Ecumenical Temple.
  4461 | D:5      | Noticed Menkaure
  4469 | D:5      | Killed Menkaure
  4470 | D:5      | Reached skill level 6 in Fighting
  4470 | D:5      | Reached skill level 3 in Stealth
  4473 | D:5      | Reached *** piety under Trog
  4576 | D:5      | Noticed Grinder
  4591 | D:5      | Killed Grinder
  4592 | D:5      | Reached skill level 5 in Dodging
  4592 | D:5      | Gained mutation: A meltable icy envelope protects you from
                  | harm. (AC +8) [demonic ancestry]
  4592 | D:5      | Reached XP level 8. HP: 58/58 MP: 8/8
  4745 | D:5      | Found an opulent altar of Gozag.
  4745 | D:5      | Found a sparkling altar of Nemelex Xobeh.
  4923 | D:6      | Identified the +7 spear of Giacacha {protect, rElec Str+3
                  | Dex+7 Stlth+}
  4989 | D:6      | Reached skill level 4 in Stealth
  5000 | D:6      | You pick up a book of the Warp {forbidden} and begin
                  | reading...
  5000 | D:6      | You add the spells Dispersal and Disjunction to your
                  | library.
  5056 | D:6      | Reached skill level 7 in Fighting
  5130 | D:6      | Found a blossoming altar of Fedhas.
  5381 | D:6      | Found a shimmering blue altar of Sif Muna.
  5397 | D:6      | Reached skill level 6 in Dodging
  5549 | D:7      | Found a sacrificial altar of Ru.
  5571 | D:7      | You pick up a book of Cantrips {forbidden} and begin
                  | reading...
  5571 | D:7      | You add the spells Necrotise, Summon Small Mammal and
                  | Apportation to your library.
  5625 | D:7      | Found a radiant altar of Vehumet.
  5736 | D:7      | Reached skill level 5 in Stealth
  6165 | D:7      | You pick up a book of Cantrips {forbidden} and begin
                  | reading...
  6292 | D:7      | Found an ornate altar of the Wu Jian Council.
  6301 | D:7      | Gained mutation: You have an unusually large brain. (Int
                  | +2) [demonic ancestry]
  6301 | D:7      | Reached XP level 9. HP: 65/66 MP: 9/9
  6513 | D:8      | Reached skill level 2 in Armour
  6561 | D:8      | Reached skill level 8 in Fighting
  6844 | D:8      | Noticed a boulder beetle
  6847 | D:8      | Reached skill level 7 in Dodging
  6877 | D:8      | Slain by a boulder beetle

Vanquished Creatures
  Grinder (D:5)
  A wyvern (D:8)
  A steam dragon (D:8)
  Menkaure (D:5)
  An ice beast (D:5)
  The ghost of ihfijgdoutdouutd the Shooter, an amateur DgHu (D:3)
  A centaur (D:6)
  2 ogres
  A kobold brigand (D:8)
  A gnoll sergeant (D:6)
  3 bullfrogs
  A necrophage (D:7)
  A scorpion (D:5)
  3 wights (D:7)
  A howler monkey (D:6)
  4 orc priests
  5 hounds
  2 jellies
  Jessica (D:2)
  4 iguanas
  Ijyb (D:5)
  6 orc wizards
  3 gnolls (D:6)
  4 adders
  4 white imps
  2 worms
  4 dart slugs
  19 orcs
  7 bats
  6 endoplasms
  A giant cockroach (D:1)
  5 goblins
  4 hobgoblins
  10 jackals
  2 quokkas
  3 ball pythons
  3 frilled lizards
  8 kobolds
  7 rats
135 creatures vanquished.

Vanquished Creatures (others)
  6 plants (D:4)
6 creatures vanquished.

Grand Total: 141 creatures vanquished

Table legend:
 A = Non-vault XP
 B = Vault XP
 C = Vault XP percentage of total XP
 D = Non-vault monster count
 E = Vault monster count
 F = Vault count percentage of total count
                 A         B        C        D         E       F
            +---------+---------+-------+---------+---------+-------
      Total |    2839 |     674 |  19.2 |     126 |       9 |   6.7
            +---------+---------+-------+---------+---------+-------
        D:1 |      43 |       0 |   0.0 |      23 |       0 |   0.0
        D:2 |      18 |      37 |  67.3 |      10 |       1 |   9.1
        D:3 |      96 |     118 |  55.1 |      17 |       1 |   5.6
        D:4 |      97 |      50 |  34.0 |      12 |       4 |  25.0
        D:5 |     550 |     469 |  46.0 |      16 |       3 |  15.8
        D:6 |     677 |       0 |   0.0 |      20 |       0 |   0.0
        D:7 |     695 |       0 |   0.0 |      18 |       0 |   0.0
        D:8 |     663 |       0 |   0.0 |      10 |       0 |   0.0
            +---------+---------+-------+---------+---------+-------

Illustrated notes

Table legend:
 A = Kills in this place as a percentage of kills in entire the game.
 B = Kills by you in this place as a percentage of kills by you in the entire game.
 C = Kills by friends in this place as a percentage of kills by friends in the entire game.
 D = Other kills in this place as a percentage of other kills in the entire game.
 E = Experience gained in this place as a percentage of experience gained in the entire game.
 F = Experience gained in this place divided by the number of levels of this place that you have seen.
                   A       B       C       D       E      F
               +-------+-------+-------+-------+-------+----------------------
         Total | 100.0 | 100.0 |   N/A |   N/A | 100.0 | 439.1
       Dungeon | 100.0 | 100.0 |   N/A |   N/A | 100.0 | 439.1
               +-------+-------+-------+-------+-------+----------------------

Table legend: (Time is in decaauts)
 A = Elapsed time spent in this place.
 B = Non-inter-level travel time spent in this place.
 C = Inter-level travel time spent in this place.
 D = Time resting spent in this place.
 E = Time spent auto-exploring this place.
 F = Levels seen in this place.
 G = Mean time per level.
                   A        B        C        D        E       F      G
               +--------+--------+--------+--------+--------+-----+--------+
         Total |   7037 |   6781 |    256 |     79 |   5562 |   8 |  879.6 |
       Dungeon |   7037 |   6781 |    256 |     79 |   5562 |   8 |  879.6 |
               +--------+--------+--------+--------+--------+-----+--------+

Top non-repeatable levels by time:
     D:1: 1450 daAuts
     D:4: 1278 daAuts
     D:7: 961 daAuts
     D:3: 836 daAuts
     D:6: 727 daAuts
     D:2: 711 daAuts
     D:5: 667 daAuts
     D:8: 403 daAuts
